 Dungeon Crawl Stone Soup version 0.19-a0-1786-g230130f (webtiles) character file.

1007 4thArraOfDagon the Ruffian (level 8, -9/70 HPs)
             Began as a Troll Wanderer on Oct 3, 2016.
             Was a Follower of Qazlal.
             Mangled by an orc
             ... wielding a +0 trident
              (10 damage)
             ... on level 4 of the Dungeon.
             The game lasted 00:11:46 (2205 turns).

4thArraOfDagon the Ruffian (Troll Wanderer)         Turns: 2205, Time: 00:11:47

Health: -9/70      AC:  8    Str: 20    XL:     8   Next: 0%
Magic:  10/10      EV: 15    Int: 11    God:    Qazlal [*.....]
Gold:   154        SH:  1    Dex: 14    Spells: 0 memorised, 9 levels left

rFire  + . .     SeeInvis .       - Unarmed
rCold  + . .     Gourm    +     p - +2 robe {rC+ rF+}
rNeg   . . .     Faith    .     (no shield)
rPois  .         Spirit   .     (helmet restricted)
rElec  .         Dismiss  .     n - +0 cloak
rCorr  .         Reflect  .     (gloves unavailable)
MR     .....     Harm     .     (boots unavailable)
Stlth  ++........               k - amulet of inaccuracy (curse)
                                (no ring)
                                (no ring)

@: agile, drained
A: unfitting armour, claws 3, fast metabolism 3, gourmand, regeneration 1,
shaggy fur 1, tough skin 2
a: Renounce Religion


You were on level 4 of the Dungeon.
You worshipped Qazlal.
Qazlal was aware of your devotion.
You were not hungry.

You visited 2 branches of the dungeon, and saw 8 of its levels.

You collected 154 gold pieces.

Inventory:

Hand Weapons
 c - a +0 giant spiked club
Missiles
 m - 3 large rocks (quivered)
Armour
 d - a +0 robe
 n - a +0 cloak (worn)
 p - a +2 robe of resistance (worn)
Jewellery
 k - a cursed amulet of inaccuracy (around neck)
 l - an uncursed amulet of faith
Scrolls
 h - a scroll of identify
Potions
 e - a potion of flight
 j - a potion of brilliance
Books
 a - a book of Geomancy

   Spells                             Type                      Level
   a - Sandblast                      Earth                        1
   b - Passwall                       Transmutation/Earth          2
   c - Stone Arrow                    Conjuration/Earth            3
   d - Petrify                        Transmutation/Earth          4
   e - Lee's Rapid Deconstruction     Earth                        5
 b - the Papyrus of Attacks

   Spells                             Type                      Level
   a - Shock                          Conjuration/Air              1
   b - Mephitic Cloud                 Conjuration/Poison/Air       3
Comestibles
 f - 2 bread rations
 g - a meat ration


   Skills:
 + Level 1.3(1.1) Fighting
 - Level 1.0(0.8) Maces & Flails
 - Level 1.5(1.3) Dodging
 - Level 1.0(0.8) Stealth
 * Level 7.6(7.3) Unarmed Combat
 - Level 1.0(0.8) Spellcasting
   Level 2.4(2.2) Necromancy
   Level 1.0(0.8) Transmutations
 + Level 4.0(3.8) Invocations
   Level 1.0(0.8) Evocations


You had 9 spell levels left.
You didn't know any spells.

Dungeon Overview and Level Annotations

Branches:
Dungeon (7/15)             Temple (1/1) D:4

Altars:
Fedhas
Gozag
Okawaru
Qazlal
Ru
Trog
Uskayaw
Xom
Zin

Annotations:
D:5 Pikel
D:6 Menkaure


Innate Abilities, Weirdness & Mutations

You are too large for most types of armour.
You have claws for hands.
Your metabolism is lightning-fast.
You like to eat raw meat.
Your natural rate of healing is unusually fast.
You are covered in fur. (AC +1)
You have very tough skin. (AC +2)


Message History

The orc hits you from afar with a trident.
* * * LOW HITPOINT WARNING * * *
Unknown command.
You barely miss something. Something hits you.
* * * LOW HITPOINT WARNING * * *
Unknown command.
Unknown command.
Unknown command.
You miss something.
An orc wizard appears from thin air!
Reactivating autopickup.
The orc hits you from afar with a trident!
* * * LOW HITPOINT WARNING * * *
The orc wizard points at you and mumbles some strange words.
The magic dart hits you!
* * * LOW HITPOINT WARNING * * *
Unknown command.
You closely miss the orc wizard.
The orc wizard is severely wounded.
The orc hits you from afar with a trident!
You die...

....#......o...#.#,.#
.................#..#
#####..#..o.#.......#
#.$....#(...#......##
##..........#.######
######...........#
....##......#.##o#
.##.##......#.##o#
..#......##.####@#
.....#...##.# #.#
####.#...#*.# #.#
#**#.#....###
#.#*******
.....#.#..#
#(.,,,,,,*
#########.#
####****,*
,,,,,,,,,.#***
*******,*
,,,,,,,,,,.,,*
*,,,,,,,*
#***********,*
*,*****,*


You could see an orc wizard and an orc.

Vanquished Creatures
  A sky beast (D:5)
  A phantom (D:5)
  An ogre (D:5)
  3 centaurs (D:5)
  A killer bee (D:6)
  3 wights (D:6)
  3 crimson imps
  2 hounds
  A bullfrog skeleton (D:5)
  An orc wizard (D:3)
  A worker ant (D:5)
  A hound skeleton (D:4)
  A worker ant zombie (D:5)
  6 adders
  5 leopard geckos
  A ball python (D:3)
  4 giant cockroaches
  3 hobgoblins
  4 quokkas
  A bat (D:3)
  A frilled lizard (D:1)
  5 goblins
  A rat (D:1)
51 creatures vanquished.

Notes
Turn   | Place    | Note
-------+----------+-------------------------------------------
     0 | D:1      | 4thArraOfDagon the Troll Wanderer began the quest for the Orb.
     0 | D:1      | 4thArraOfDagon set off with: a book of Geomancy, the Papyrus of Attacks, a scroll of teleportation, a +0 robe, a +0 club, 2 bread rations
     0 | D:1      | Reached XP level 1. HP: 16/16 MP: 1/1
    21 | D:1      | Adelle: Jeopard
    27 | D:1      | Identified the Papyrus of Attacks
    51 | D:1      | Reached skill level 1 in Unarmed Combat
   191 | D:3      | Reached XP level 2. HP: 11/24 MP: 2/2
   231 | D:4      | Adelle: Whoa, you crazy player
   231 | D:4      | Found a staircase to the Ecumenical Temple.
   241 | Temple   | Entered the Ecumenical Temple
   261 | Temple   | Adelle: The best in the world!
   261 | Temple   | Became a worshipper of Qazlal Stormbringer
   309 | D:3      | Reached skill level 2 in Unarmed Combat
   356 | D:1      | 4thArraOfDagon: everything for entertainment!
   437 | D:3      | Reached XP level 3. HP: 19/31 MP: 3/3
   555 | D:3      | Reached skill level 3 in Unarmed Combat
   573 | D:3      | Found a glowing silver altar of Zin.
   711 | D:4      | Reached XP level 4. HP: 31/39 MP: 4/4
   744 | D:5      | Entered Level 5 of the Dungeon
   751 | D:5      | Reached skill level 1 in Invocations
   752 | D:5      | Reached skill level 4 in Unarmed Combat
   824 | D:5      | Reached XP level 5. HP: 16/45 MP: 5/5
   896 | D:5      | Noticed a centaur
   901 | D:5      | Killed a centaur
   901 | D:5      | Reached skill level 5 in Unarmed Combat
   916 | D:5      | Adelle: Lucky!
   949 | D:6      | Noticed Menkaure
   970 | D:5      | wazuzu: nah, that's rng skill
  1007 | D:5      | Noticed a centaur
  1009 | D:5      | wazuzu: I'm not that good with rng
  1028 | D:5      | Adelle: what is rng?
  1028 | D:5      | Noticed an ogre
  1067 | D:5      | wazuzu: random number generator
  1068 | D:5      | Adelle: ty
  1073 | D:5      | wazuzu: what is ty?
  1079 | D:5      | Killed an ogre
  1079 | D:5      | Adelle: thank you
  1079 | D:5      | Reached XP level 6. HP: 13/53 MP: 6/6
  1090 | D:5      | wazuzu: rng
  1129 | D:5      | Adelle: :D
  1129 | D:5      | omg
  1156 | D:5      | rly
  1157 | D:5      | wazuzu: Hi Mark!
  1160 | D:5      | wazuzu: Anyway, how's your sex life?
  1171 | D:5      | Reached skill level 6 in Unarmed Combat
  1241 | D:5      | Noticed a sky beast
  1273 | D:5      | Noticed Pikel
  1307 | D:5      | wazuzu: pixel :O
  1315 | D:5      | Killed a sky beast
  1315 | D:5      | Reached XP level 7. HP: 23/59 MP: 8/8
  1327 | D:5      | Adelle: Where?
  1373 | D:5      | Reached * piety under Qazlal
  1501 | D:6      | Noticed a white ugly thing
  1641 | D:6      | Reached skill level 7 in Unarmed Combat
  1693 | D:7      | Noticed a hornet
  1721 | D:6      | Found an iron altar of Okawaru.
  1776 | D:7      | Adelle: That's why we need annotations!
  1807 | D:6      | jacquesderrida: wew
  1985 | D:6      | Reached skill level 1 in Fighting
  2004 | D:6      | Found a bloodstained altar of Trog.
  2032 | D:4      | wazuzu: inqazlations skill
  2041 | D:3      | Reached XP level 8. HP: 52/70 MP: 10/10
  2204 | D:4      | HP: 1/70 [orc wizard/magic dart (5)]
  2205 | D:4      | Mangled by an orc

Vault maps used:
D:1:      ncdulo_lavacross, hangedman_decor_lopped
D:2:      uniq_terence
D:3:      nicolae_overflow_hidden_temple, dk_noncrumbling_3
D:4:      first_bread, uniq_edmund
D:5:      uniq_crazy_yiuf_cottage, uniq_pikel
D:6:      nicolae_overflow_crystal_walls, kennysheep_mini, uniq_menkaure
D:7:      kennysheep_ying_yang, gammafunk_temple_overflow_statue,
          yredelemnul_altar_generic
Temple:   dpeg_three_leaves_temple

Skill      XL: |  1  2  3  4  5  6  7 |
---------------+----------------------+-----
Unarmed Combat | 1 2 3 4 5 6 7 |  7.6
Invocations    | 1 2 3 4 |  4.0
Fighting       | 1 |  1.3
Maces & Flails | |  1.0
Dodging        | |  1.5
Stealth        | |  1.0
Spellcasting   | |  1.0
Necromancy     | |  2.4
Transmutations | |  1.0
Evocations     | |  1.0

Action                   |  1- 3 |  4- 6 |  7- 9 || total
-------------------------+-------+-------+-------++-------
Melee: Unarmed           |    98 |   126 |   132 ||   356
       Punch             |     2 |     1 |     1 ||     4
  Use: Scroll            |     5 |     5 |     2 ||    12
       Potion            |       |     1 |     2 ||     3
  Eat: Chunk             |     9 |     7 |     5 ||    21
       Beef jerky        |       |     1 |       ||     1
Armor: Robe              |    34 |    40 |    49 ||   123
Dodge: Dodged            |    53 |    44 |    50 ||   147
Block: Other             |       |       |     5 ||     5
